 Dungeon Crawl Stone Soup version 0.31-a0-204-g7da18cac08 (webtiles) character file.

Game seed: 13595768409893842319

707 olmar the Covered (level 7, -8/94 HPs)
             Began as an Armataur Fighter on June 27, 2023.
             Mangled by Duvessa
             ... wielding a +5 rapier of holy wrath
              (11 damage)
             ... on level 4 of the Dungeon.
             The game lasted 00:03:37 (3455 turns).

olmar the Covered (Armataur Fighter)                Turns: 3455, Time: 00:03:38

Health: -8/94      AC:  8    Str: 23    XL:     7   Next: 39%
Magic:  7/7        EV:  8    Int:  8    God:
Gold:   244        SH:  4    Dex: 10    Spells: 6/6 levels left

rFire   . . .        a - +0 flail
rCold   . . .        c - +0 buckler
rNeg    . . .        b - +0 scale mail
rPois   .            k - +0 helmet
rElec   .            (no cloak)
rCorr   +            (no gloves)
SInv    .            (no barding)
Will    .....        (no amulet) Stlth
                     h - ring of resist corrosion
HPRegen 0.35/turn    (no ring)
MPRegen 0.10/turn

%: roll
@: berserking, very quick
A: large, rugged brown scales 3, deformed body, armoured tail, roll, long
tongue, awkward tongue
a: no special abilities


You were on level 4 of the Dungeon.
You visited 1 branch of the dungeon, and saw 4 of its levels.

You collected 244 gold pieces.

Inventory:

Hand Weapons
 a - a +0 flail (weapon)
Missiles
 q - 11 poisoned darts
Armour
 b - a +0 scale mail (worn)
 c - a +0 buckler (worn)
 k - a +0 helmet (worn)
 p - a +1 pair of boots
Jewellery
 h - a ring of resist corrosion (left hand)
 s - a ring of magical power
Wands
 e - a wand of iceblast (10)
Scrolls
 g - a scroll of enchant weapon {unknown}
 i - a scroll of teleportation {unknown}
 n - a scroll of noise {unknown}
 o - a scroll of enchant armour {unknown}
Potions
 d - a potion of might
 f - 2 potions of degeneration
 j - 4 potions of curing
 m - 2 potions of cancellation


   Skills:
 + Level 4.0 Fighting
 + Level 5.1 Maces & Flails
 + Level 5.7 Armour
 + Level 1.2 Dodging
 + Level 1.6 Stealth
 + Level 4.2 Shields


You had 6 spell levels left.
You didn't know any spells.
Your spell library contained the following spells:

 Spells                   Type           Power      Damage    Failure   Level
 Gell's Gravitas          Tloc           0%         N/A       98%         3
 Teleport Other           Tloc           0%         N/A       98%         3
 Dispersal                Tloc           0%         N/A       100%        6


Dungeon Overview and Level Annotations

Branches:
Dungeon (4/15)
 Temple: D:4-7

Altars:

Annotations:
D:4 Duvessa


Innate Abilities, Weirdness & Mutations

You are completely covered in rugged brown scales. (AC +3, +7% HP)
Armour fits poorly on your strangely shaped body.
You have a long armoured tail.
You roll when moving toward enemies. (Rampage)
Your long tongue fully drains potion bottles. (2x potion effects)
Your tongue gives you trouble enunciating. (1.5x scroll delay)


Message History

Dowan hits you with a +0 dagger.
Unknown command.
You completely miss Duvessa.
Duvessa is moderately wounded.
You block Duvessa's attack.
Dowan gestures wildly while chanting.
Dowan blinks!
Unknown command.
You completely miss Duvessa.
Duvessa is moderately wounded.
Duvessa hits you with a +5 rapier of holy wrath!
Unknown command.
You miss Dowan.
Your tail-slap misses Dowan.
Dowan is moderately wounded.
Duvessa hits you with a +5 rapier of holy wrath!
Dowan hits you but does no damage.
Unknown command.
You bludgeon Dowan!!
You kill Dowan!
Duvessa screams, "No!
How DARE you!"
Duvessa goes berserk!
Duvessa completely misses you.
Unknown command.
You barely miss Duvessa.
Duvessa is moderately wounded.
Duvessa hits you with a +5 rapier of holy wrath!
Unknown command.
You sock Duvessa!
Duvessa is heavily wounded.
Duvessa hits you with a +5 rapier of holy wrath!!
* * * LOW HITPOINT WARNING * * *
You sock Duvessa!
Your tail-slap misses Duvessa.
Duvessa is severely wounded.
Duvessa hits you with a +5 rapier of holy wrath!
* * * LOW HITPOINT WARNING * * *
You block Duvessa's attack.
Unknown command.
You sock Duvessa!
Your tail-slap misses Duvessa.
Duvessa is almost dead.
Duvessa hits you with a +5 rapier of holy wrath!
You die...

.#.#.####### #.#.#.#
.. ..........(#
#.#<#.# #...#......#
#.###.# ..#.#......#
#..)..# ..#........#
#######
..####..##############
..#####.##...........#
.........#.....).e...#
................@....#
.........#...........#
.........#...........#
.........#...........#
.#########†..........#
.# #...........# .#
#........[..# .#
#...........# .#
########..###


You could see Duvessa (berserk).

Vanquished Creatures
  Eustachio (D:4)
  A black bear (D:4)
  A bullfrog (D:3)
  2 scorpions (D:4)
  Dowan (D:4)
  A hound (D:4)
  A jelly (D:4)
  An iguana (D:3)
  Robin (D:4)
  2 adders (D:2)
  An ufetubus (D:4)
  A worm (D:2)
  10 dart slugs
  An orc (D:3)
  6 bats
  7 endoplasms
  2 giant cockroaches
  12 goblins
  14 hobgoblins
  4 jackals (D:3)
  3 quokkas
  9 ball pythons
  A frilled lizard (D:2)
  5 kobolds
  5 rats
93 creatures vanquished.

Vanquished Creatures (others)
  A goblin (D:4)
1 creature vanquished.

Grand Total: 94 creatures vanquished

Notes
Turn   | Place    | Note
-------+----------+-------------------------------------------
     0 | D:1      | olmar the Armataur Fighter began the quest for the Orb.
     0 | D:1      | Reached XP level 1. HP: 19/19 MP: 1/1
    87 | D:1      | Reached XP level 2. HP: 26/26 MP: 2/2
   596 | D:1      | Reached XP level 3. HP: 33/33 MP: 3/3
  1468 | D:2      | Reached XP level 4. HP: 32/40 MP: 4/4
  1981 | D:3      | Found a faded altar of an unknown god.
  2066 | D:3      | Identified the +1 robe of Boun {Dex+3}
  2197 | D:3      | Noticed a bullfrog
  2201 | D:3      | Killed a bullfrog
  2202 | D:3      | Reached XP level 5. HP: 33/48 MP: 5/5
  2638 | D:4      | Noticed Robin
  2660 | D:4      | Killed Robin
  2834 | D:4      | Reached XP level 6. HP: 52/54 MP: 6/6
  2851 | D:4      | Reached skill level 1 in Dodging
  2851 | D:4      | Reached skill level 1 in Stealth
  3018 | D:4      | Noticed Eustachio
  3040 | D:4      | Killed Eustachio
  3041 | D:4      | Reached skill level 5 in Armour
  3041 | D:4      | Reached XP level 7. HP: 23/62 MP: 7/7
  3274 | D:4      | Reached skill level 5 in Maces & Flails
  3438 | D:4      | Noticed Duvessa
  3438 | D:4      | Noticed Dowan
  3451 | D:4      | Killed Dowan
  3454 | D:4      | HP: 3/94 [Duvessa/+5 rapier of holy wrath (12)]
  3455 | D:4      | Mangled by Duvessa

Illustrated notes

Levels and vault maps discovered:
D:1:      minmay_arrival_four_houses, layout_basic
D:2:      layout_basic
D:3:      layout_basic, shapermc_ecumenical_altar_notcrosses
D:4:      layout_basic, uniq_robin, uniq_duvessa, uniq_eustachio

Skill      XL: |  1  2  3  4  5  6  7 |
---------------+----------------------+-----
Maces & Flails | 2 3 4 5 |  5.1
Fighting       | 3 4 |  4.0
Armour         | 4 5 |  5.7
Shields        | 4 |  4.2
Dodging        | 1 |  1.2
Stealth        | 1 |  1.6

Action                     |  1- 3 |  4- 6 |  7- 9 || total
---------------------------+-------+-------+-------++-------
  Melee: Flail             |   118 |   114 |    31 ||   263
         Tailslap          |    14 |    11 |     4 ||    29
    Use: Scroll            |     2 |     3 |       ||     5
         Potion            |       |     1 |     1 ||     2
   Stab: Invisible         |       |     4 |       ||     4
 Armour: Scale mail        |    56 |    76 |     9 ||   141
  Dodge: Dodged            |    27 |    52 |     9 ||    88
  Block: Buckler           |    24 |    24 |     6 ||    54

Table legend: (Time is in decaauts)
 A = Elapsed time spent in this place.
 B = Non-inter-level travel time spent in this place.
 C = Inter-level travel time spent in this place.
 D = Time resting spent in this place.
 E = Time spent auto-exploring this place.
 F = Levels seen in this place.
 G = Mean time per level.
                   A        B        C        D        E       F      G
               +--------+--------+--------+--------+--------+-----+--------+
         Total |   3522 |   3274 |    248 |    231 |   2417 |   4 |  880.5 |
       Dungeon |   3522 |   3274 |    248 |    231 |   2417 |   4 |  880.5 |
               +--------+--------+--------+--------+--------+-----+--------+

Top non-repeatable levels by time:
     D:1: 945 daAuts
     D:4: 925 daAuts
     D:2: 878 daAuts
     D:3: 774 daAuts
